 Dungeon Crawl Stone Soup version 0.30.0-29-ga12c61a403 (webtiles) character file.

Game seed: 12125542413414405061

14 GeoRichter the Vexing (level 2, 0/17 HPs)
             Began as a Demonspawn Enchanter on June 18, 2023.
             Was a Follower of Hepliaklqana.
             Slain by a jackal (1 damage)
             ... on level 1 of the Dungeon.
             The game lasted 00:01:34 (497 turns).

GeoRichter the Vexing (Demonspawn Enchanter)         Turns: 497, Time: 00:01:35

Health: 0/17       AC:  2    Str:  8    XL:     2   Next: 27%
Magic:  5/5        EV: 12    Int: 16    God:    Hepliaklqana [*.....]
Gold:   37         SH:  0    Dex: 13    Spells: 5/5 levels left

rFire   . . .        a - +1 dagger
rCold   . . .        (no shield)
rNeg    . . .        b - +0 robe
rPois   .            (no helmet)
rElec   .            (no cloak)
rCorr   .            (no gloves)
SInv    .            (no boots)
Will    .....        (no amulet)
Stlth   ++           (no ring)
HPRegen 0.22/turn    (no ring)
MPRegen 0.09/turn

%: no passive effects
@: no status effects
A: reduced essence, powered by death 1
a: Renounce Religion, Recall Ancestor, Ancestor Identity


You were on level 1 of the Dungeon.
You worshipped Hepliaklqana.
Hepliaklqana was aware of your devotion.
You visited 1 branch of the dungeon, and saw 1 of its levels.

You collected 37 gold pieces.

Inventory:

Hand Weapons
 a - a +1 dagger (weapon)
Armour
 b - a +0 robe (worn)
Jewellery
 i - a ring of wizardry
Scrolls
 d - a scroll of summoning {unknown}
 e - a scroll of identify {unknown}
 g - a scroll of blinking {unknown}
 j - a scroll of vulnerability {unknown}
Potions
 c - 2 potions of invisibility
 f - a potion of mutation {unknown}
 h - a potion of lignification {unknown}


   Skills:
 + Level 1.8 Short Blades
 - Level 1.7 Dodging
 - Level 3.0 Stealth
 - Level 2.0 Spellcasting
 - Level 3.0 Hexes


You had 5 spell levels left.
You didn't know any spells.
Your spell library contained the following spells:

 Spells                   Type           Power      Damage    Failure   Level
 Ensorcelled Hibernation  Hex/Ice        12%        N/A       17%         2
 Confusing Touch          Hex            11%        N/A       19%         3
 Tukima's Dance           Hex            11%        N/A       19%         3
 Magic Dart               Conj           4%         1d3       21%         1
 Call Imp                 Summ           2%         N/A       30%         2
 Dazzling Flash           Conj/Hex       12%        N/A       32%         3
 Mephitic Cloud           Conj/Pois/Air  1%         N/A       52%         3
 Summon Forest            Summ/Tloc      0%         N/A       99%         5
 Eringya's Noxious Bog    Tmut/Pois      0%         N/A       100%        6
 Summon Hydra             Summ           0%         N/A       100%        7


Dungeon Overview and Level Annotations

Branches:
Dungeon (1/15)

Altars:
Hepliaklqana

Shops:
D:1 ?


Innate Abilities, Weirdness & Mutations

Your life essence is reduced to manifest your ancestor. (-10% HP)
You regenerate a little health from kills.


Message History

The jackal closely misses you. The jackal misses you. The jackal bites you.
You barely miss the jackal.
The jackal is heavily wounded.
The jackal barely misses you. x2
You barely miss the jackal.
The jackal is heavily wounded.
The jackal closely misses you. The jackal barely misses you. x2
You barely miss the jackal.
The jackal is heavily wounded.
The jackal closely misses you. x2; The jackal misses you.
You barely miss the jackal.
The jackal is heavily wounded.
The jackal closely misses you. The jackal bites you.
* * * LOW HITPOINT WARNING * * *
Unknown command.
You closely miss the jackal.
The jackal is heavily wounded.
The jackal barely misses you. x2
The jackal bites you but does no damage.
You hit the jackal but do no damage.
The jackal is heavily wounded.
The jackal bites you.
* * * LOW HITPOINT WARNING * * *
The jackal bites you.
* * * LOW HITPOINT WARNING * * *
The jackal bites you but does no damage.
You hit the jackal.
The jackal is almost dead.
The jackal bites you but does no damage.
The jackal misses you.
You hit the jackal but do no damage.
The jackal is severely wounded.
The jackal bites you.
* * * LOW HITPOINT WARNING * * *
The jackal bites you but does no damage.
Unknown command.
You barely miss the jackal.
The jackal is severely wounded.
The jackal bites you.
You die...

# ##....# #.#. #. #....#
##.#. ###.#######
##...###.##. ..........#
#....##.##. ...(......#
#........+. .~.~......#
##...##.##.
≈≈.~≈.....######....#.##.
≈≈∩≈≈..hh...........##.#.
≈≈≈≈≈..†@.......#..###.#.
#≈≈≈............#...###R.
###.####..............##.
.. #.......###.#.##.. ..
#.......###.#.##.# .
..........#....>...#
###.......#.######.#
#.......#.##.#....
#########....#.#.#


You could see 2 jackals.

Vanquished Creatures
  A ball python (D:1)
  2 endoplasms (D:1)
  A giant cockroach (D:1)
  A hobgoblin (D:1)
  A jackal (D:1)
  A kobold (D:1)
  2 frilled lizards (D:1)
9 creatures vanquished.

Vanquished Creatures (collateral kills)
  A hobgoblin (D:1)
  A quokka (D:1)
2 creatures vanquished.

Vanquished Creatures (others)
  An ancestor (D:1)
1 creature vanquished.

Grand Total: 12 creatures vanquished

Notes
Turn   | Place    | Note
-------+----------+-------------------------------------------
     0 | D:1      | GeoRichter the Demonspawn Enchanter began the quest for the
                  | Orb.
     0 | D:1      | Reached XP level 1. HP: 13/13 MP: 3/3
    67 | D:1      | Reached skill level 1 in Short Blades
    81 | D:1      | Found a faded altar of an unknown god.
   124 | D:1      | Prayed at the altar of an unknown god.
   124 | D:1      | Became a worshipper of Hepliaklqana the Forgotten
   124 | D:1      | Reached * piety under Hepliaklqana
   315 | D:1      | Gained mutation: You regenerate a little health from kills.
                  | [demonic ancestry]
   315 | D:1      | Reached XP level 2. HP: 17/17 MP: 5/5
   478 | D:1      | Found Odismato's Magic Scroll Shop.
   497 | D:1      | Slain by a jackal

Illustrated notes

Levels and vault maps discovered:
D:1:      dpeg_arrival_ratfight, layout_basic, serial_shops,
          nicolae_shop_waterfront, hellmonk_ecumenical_altar_arch_garden,
          interstate_on_off

Skill      XL: |  1 |
---------------+----+-----
Short Blades   | 1 |  1.8
Stealth        | 3 |  3.0
Dodging        | |  1.7
Spellcasting   | |  2.0
Hexes          | |  3.0

Action                     || total
---------------------------++-------
  Melee: Dagger            ||    57
   Stab: Sleeping          ||     1
 Armour: Robe              ||     8
  Dodge: Dodged            ||    51
